 Dungeon Crawl Stone Soup version 0.31-a0-986-g5e6e4ef867 (webtiles) character file.

Game seed: 7012693746254988228

88 FakeRyeBread the Covered (level 4, -3/29 HPs)
             Began as a Gargoyle Fighter on Nov 5, 2023.
             Slain by an iguana (9 damage)
             ... on level 3 of the Dungeon.
             The game lasted 00:03:51 (1687 turns).

FakeRyeBread the Covered (Gargoyle Fighter)         Turns: 1687, Time: 00:03:52

Health: -3/29      AC: 10    Str: 22    XL:     4   Next: 53%
Magic:  4/4        EV:  6    Int:  8    God:
Gold:   81         SH:  5    Dex:  9    Spells: 3/3 levels left

rFire   . . .        a - +1 flail
rCold   . . .        c - +1 buckler
rNeg    + . .        b - +0 scale mail
rPois   ∞            (no helmet)
rElec   +            (no cloak)
rCorr   .            (no gloves)
SInv    .            (no boots)
Will    .....        (no amulet) Stlth
                     (no ring)
HPRegen 0.24/turn    (no ring)
MPRegen 0.09/turn

%: no passive effects
@: constricted
A: sickness immunity, AC +3, negative energy resistance 1, electricity
resistance, torment resistance 1, petrification resistance
a: no special abilities


You were on level 3 of the Dungeon.
You visited 1 branch of the dungeon, and saw 3 of its levels.

You collected 81 gold pieces.

Inventory:

Hand Weapons
 a - a +1 flail (weapon)
Armour
 b - a +0 scale mail (worn)
 c - a +1 buckler (worn)
Jewellery
 f - an amulet of faith
Wands
 k - a wand of paralysis (10)
Scrolls
 i - a scroll of teleportation
 m - a scroll of silence {unknown}
Potions
 d - 2 potions of might
 e - 2 potions of attraction
 g - 3 potions of curing
 h - a potion of degeneration
 j - a potion of ambrosia {unknown}
 l - a potion of mutation {unknown}
 n - a potion of heal wounds {unknown}


   Skills:
 + Level 3.9 Fighting
 * Level 3.2 Maces & Flails
 + Level 3.9 Armour
 + Level 3.8 Shields


You had 3 spell levels left.
You didn't know any spells.
Your spell library contained the following spells:

 Spells                   Type           Power      Damage    Failure   Level
 Summon Small Mammal      Summ           0%         N/A       80%         1
 Call Canine Familiar     Summ           0%         N/A       99%         3
 Ozocubu's Armour         Ice            0%         N/A       99%         3
 Summon Guardian Golem    Hex/Summ       0%         N/A       99%         3
 Ozocubu's Refrigeration  Ice            0%         4d7       100%        7


Dungeon Overview and Level Annotations

Branches:
Dungeon (3/15)

Altars:
Trog

Shops:
D:1 *   D:2 (


Innate Abilities, Weirdness & Mutations

You are immune to sickness and miasma.
Your stone body is resilient. (AC +3)
You are immune to poison.
You resist negative energy. (rN+)
You are resistant to electric shocks. (rElec)
You are resistant to unholy torment.
You are immune to petrification.


Message History

You hit the ball python.
The ball python is moderately wounded.
The ball python barely misses you. x2
You barely miss the ball python.
The ball python is moderately wounded.
The ball python barely misses you. The ball python grabs you.
The ball python constricts you.
The ball python bites you but does no damage.
The ball python constricts you.
The iguana bites you but does no damage.
You hit the ball python.
The ball python is severely wounded.
The ball python bites you but does no damage.
The ball python constricts you. The iguana barely misses you.
You closely miss the ball python.
The ball python is severely wounded.
The ball python bites you but does no damage.
The ball python constricts you. You block the iguana's attack.
The ball python bites you but does no damage.
The ball python constricts you.
You sock the ball python!
You kill the ball python!
The iguana bites you but does no damage.
A ball python comes into view.
The ball python hisses angrily.
A rat comes into view.
The iguana bites you.
You hit the iguana.
The iguana is lightly wounded.
The iguana bites you!
The ball python bites you but does no damage.
The ball python grabs you. The ball python constricts you.
You barely miss the iguana.
The iguana is lightly wounded.
The iguana bites you!
* * * LOW HITPOINT WARNING * * *
You block the ball python's attack. The ball python constricts you.
* * * LOW HITPOINT WARNING * * *
The iguana bites you!
You die...

## #### .. ..
...# # ##. .##
...# .#..# #.!##
...+ ..
....###.... ...#
... #...#...#
...# ....
#.....# ...#
....# ##._.##
...#
.....###.l@S.#
...#
#....#...#.r.#
####
#....###.....#
##..## #..#.#
###### ##..# .##
#
.....########.##
#
.....#.........#
.....#.........#
.....#.........#


You could see an iguana, a ball python and a rat.

Vanquished Creatures
  4 adders (D:2)
  4 dart slugs
  An orc (D:3)
  4 endoplasms
  3 giant cockroaches
  7 goblins
  8 hobgoblins
  3 ball pythons (D:3)
  2 bats (D:1)
  3 frilled lizards
  A kobold (D:3)
  2 rats
42 creatures vanquished.

Notes
Turn   | Place    | Note
-------+----------+-------------------------------------------
     0 | D:1      | FakeRyeBread the Gargoyle Fighter began the quest for the
                  | Orb.
     0 | D:1      | Reached XP level 1. HP: 14/14 MP: 1/1
    42 | D:1      | Reached XP level 2. HP: 18/19 MP: 2/2
   322 | D:1      | Found Giapraof's General Store.
   500 | D:1      | Reached XP level 3. HP: 22/23 MP: 3/3
   832 | D:2      | Found a bloodstained altar of Trog.
  1107 | D:2      | Reached XP level 4. HP: 29/29 MP: 4/4
  1368 | D:2      | Found Liol's Weapon Shop.
  1675 | D:3      | Found a faded altar of an unknown god.
  1687 | D:3      | Slain by an iguana

Illustrated notes

Levels and vault maps discovered:
D:1:      minmay_arrival_shoal_huts, layout_basic, serial_shops, shop
D:2:      layout_loops_cross, serial_shops, nicolae_shop_rolling_square,
          basic_altar, serial_bayou_lagoon_b
D:3:      layout_basic, nicolae_ecumenical_snake_handling, minmay_pentangle,
          uniq_sigmund

Skill      XL: |  1  2  3 |
---------------+----------+-----
Maces & Flails | 3 |  3.2
Fighting       | |  3.9
Armour         | |  3.9
Shields        | |  3.8

Action                     |  1- 3 |  4- 6 || total
---------------------------+-------+-------++-------
  Melee: Flail             |   125 |    45 ||   170
    Use: Scroll            |       |     7 ||     7
 Armour: Scale mail        |    84 |    39 ||   123
  Dodge: Dodged            |    54 |    20 ||    74
  Block: Buckler           |    27 |    13 ||    40

Table legend: (Time is in decaauts)
 A = Elapsed time spent in this place.
 B = Non-inter-level travel time spent in this place.
 C = Inter-level travel time spent in this place.
 D = Time resting spent in this place.
 E = Time spent auto-exploring this place.
 F = Levels seen in this place.
 G = Mean time per level.
                   A        B        C        D        E       F      G
               +--------+--------+--------+--------+--------+-----+--------+
         Total |   1750 |   1593 |    157 |    100 |   1054 |   3 |  583.3 |
       Dungeon |   1750 |   1593 |    157 |    100 |   1054 |   3 |  583.3 |
               +--------+--------+--------+--------+--------+-----+--------+

Top non-repeatable levels by time:
     D:1: 853 daAuts
     D:2: 760 daAuts
     D:3: 136 daAuts
